[Event "Early-Titled-Tuesday-Blitz-February-27-2024"]
[Site "Chess.com"]
[Date "2024.02.27"]
[Round "5"]
[White "GaiozNigalidze"]
[Black "LyonBeast"]
[Result "0-1"]
[WhiteElo "2658"]
[BlackElo "3141"]
[TimeControl "180+1"]
[EndTime "8:54:15 PST"]
[Termination "LyonBeast won on time"]

1. d4 Nf6 2. Nf3 d5 3. g3 Bf5 4. Bg2 e6 5. O-O h6 6. c4 c6 7. cxd5 exd5 8. Nc3 Bd6 9. Qb3 Qb6 10. Bf4 Qxb3 11.
axb3 Bxf4 12. gxf4 Nbd7 13. Nh4 Bh7 14. f5 O-O 15. e3 Nb6 16. Rfe1 Rfe8 17. f3 g5 18.
fxg6 fxg6 19. Bh3 g5 20. Nf5 h5 21. Nd6 Re7 22. e4 g4 23. e5 Ne8 24. fxg4 hxg4 25. Nxe8 Raxe8 26. Bxg4 Rg7 27. h3 Bf5 28. Re2 Bxg4 29.
hxg4 Rxg4+ 30. Rg2 Rxg2+ 31. Kxg2 a6 32. Kf3 Re7 33. Ke3 Rh7 34. Rg1+ Kf7 35. Rg2 Nd7 36. Kd2 Nf8 37. Rf2+ Ke7 38. Ne2 Ne6 39. Rf3 Rh2 40.
Rd3 Nf4 41. Re3 c5 42. dxc5 Ke6 43. Kd1 Nxe2 44. Rxe2 Rxe2 45. Kxe2 Kxe5 46. Kd3 a5 47.
Kc3 d4+ 48. Kc4 Ke4 49. Kb5 d3 50. Kb6 d2 51. Kxb7 d1=Q 52. c6 Qxb3+ 0-1

[Event "Early-Titled-Tuesday-Blitz-February-27-2024"]
[Site "Chess.com"]
[Date "2024.02.27"]
[Round "5"]
[White "ReinisUz"]
[Black "As0nchess"]
[Result "0-1"]
[WhiteElo "2381"]
[BlackElo "2537"]
[TimeControl "180+1"]
[EndTime "8:54:16 PST"]
[Termination "As0nchess won by checkmate"]

1. c4 c5 2. Nc3 Nc6 3. g3 g6 4. Bg2 Bg7 5. e4 d6 6. Nge2 h5 7. h4 Nh6 8. O-O Ng4 9. d3 e6 10. f3 Nge5 11. Kh2 b6 12. Rb1 Bb7 13. a3 Qe7 14. b4 f6 15. Be3 g5 16. Qd2 gxh4 17. gxh4 O-O-O 18. Bh3 Kb8 19. Bf4 Nd4 20. Nxd4 cxd4 21.
Ne2 f5 22. Bg5 Bf6 23. Nxd4 Rdg8 24. f4 Ng4+ 25. Bxg4 hxg4 26. Kg3 fxe4 27. dxe4 Bxg5 28. fxg5 Bxe4 29. Rbe1 Bb7 30. Nb5 Rd8 31. Qf4 e5 32.
Qxg4 a6 33. Nd4 Rc8 34. Nf5 Qe6 35. Ne3 Qe7 36. Rf6 b5 37. Ref1 bxc4 38. Rf7 Qd8 39.
Nxc4 Bd5 40. Na5 Qb6 41. R7f2 Qe3+ 42. Kh2 Rcg8 43. Re2 Qxg5 44. Qxg5 Rxg5 45. Rf6 Rxh4# 0-1

[Event "Early-Titled-Tuesday-Blitz-February-27-2024"]
[Site "Chess.com"]
[Date "2024.02.27"]
[Round "5"]
[White "EdmundPlayer"]
[Black "Savagelittlemole"]
[Result "1/2-1/2"]
[WhiteElo "2273"]
[BlackElo "2441"]
[TimeControl "180+1"]
[EndTime "8:54:16 PST"]
[Termination "Game drawn by repetition"]

1. Nf3 c5 2. c4 Nf6 3. Nc3 g6 4. d4 cxd4 5. Nxd4 Bg7 6. e4 O-O 7. Be2 Nc6 8. Be3 e6 9. O-O d5 10. exd5 exd5 11. Nxc6 bxc6 12. cxd5 Nxd5 13. Nxd5 Qxd5 14.
Qxd5 cxd5 15. Bf3 Be6 16. Rad1 Rfd8 17. Bd4 Rab8 18. b3 a5 19. Bxg7 Kxg7 20. Rd4 Rb4 21. Rfd1 Kf6 22. Rxb4 axb4 23. Rd4 Rb8 24. Kf1 Ke5 25.
Rd2 d4 26. g3 Rc8 27. Be2 Rc1+ 28. Kg2 Bd5+ 29. f3 g5 30. Kf2 Ra1 31. f4+ gxf4 32.
gxf4+ Kxf4 33. Rxd4+ Ke5 34. Rxb4 Rxa2 35. Ke3 Rb2 36. Rb5 Rxb3+ 37. Rxb3 Bxb3 38. Bd3 h6 39. Bh7 f5 40. Kf3 Bd1+ 41. Kg3 f4+ 42. Kf2 Bg4 43. Bd3 Bf5 44. Bf1 Be4 45. Be2 Kf5 46. Bf1 Kg5 47.
Bh3 h5 48. Bd7 f3 49. Bc8 Kf4 50. Bd7 Bb7 51. Be6 h4 52. Bd7 Bd5 53. Bc8 Bb3 54. Bd7 Bd5 55. Bc8 Ke5 56. Bd7 Kf6 57. Bc8 Kg5 58. Bd7 Kf4 1/2-1/2

[Event "Early-Titled-Tuesday-Blitz-February-27-2024"]
[Site "Chess.com"]
[Date "2024.02.27"]
[Round "5"]
[White "ikhasu"]
[Black "MANOJ_MISHRA123"]
[Result "1-0"]
[WhiteElo "2446"]
[BlackElo "2255"]
[TimeControl "180+1"]
[EndTime "8:54:17 PST"]
[Termination "ikhasu won on time"]

1. d4 Nf6 2. Bf4 c5 3. e3 d6 4.
Nc3 cxd4 5. exd4 g6 6. Qd2 Nc6 7. Bb5 a6 8. Ba4 b5 9. Bb3 Na5 10. Nf3 Nxb3 11. axb3 Qc7 12. Nxb5 Qb7 13. Nc3 Bg4 14.
Qd3 Bg7 15. h3 Bf5 16. Qe2 O-O 17. O-O h6 18. Rfe1 g5 19. Bh2 Rfe8 20. Ra5 Bg6 21. Rea1 g4 22. hxg4 Nxg4 23. Bg3 e5 24. dxe5 dxe5 25.
Ne4 Qxe4 26. Qf1 Qxc2 27. Nh4 Bd3 28. Qe1 Qxb2 29. Qb4 Qd4 30. Qe1 Rac8 31. R5a4 Qxa1 32. Rxa1 e4 33. Rc1 Rb8 34. Nf5 Bf8 35. Bxb8 Rxb8 36. Qd2 h5 37. Qg5+ Kh8 38. Qxh5+ 1-0

[Event "Early-Titled-Tuesday-Blitz-February-27-2024"]
[Site "Chess.com"]
[Date "2024.02.27"]
[Round "5"]
[White "dpopadic"]
[Black "GelmanAlexander"]
[Result "0-1"]
[WhiteElo "2347"]
[BlackElo "2716"]
[TimeControl "180+1"]
[EndTime "8:54:18 PST"]
[Termination "GelmanAlexander won on time"]

1. e4 c5 2. Nc3 e6 3. d3 Nc6 4. g4 h6 5. Bg2 a6 6. Nh3 b5 7.
O-O Bb7 8. f4 Nf6 9. e5 b4 10.
exf6 bxc3 11. bxc3 gxf6 12. Rb1 Rb8 13. Be3 Rg8 14. Kh1 Ba8 15. Qe2 Rc8 16. Rg1 Qa5 17. Rb3 c4 18. dxc4 h5 19. g5 Qf5 20. Nf2 fxg5 21.
fxg5 Na5 22. Bxa8 Rxa8 23. Rbb1 Rc8 24. c5 Bxc5 25. Bxc5 Qxc5 26. Ne4 Qc6 27. Qg2 Ke7 28. h4 Nc4 29. Rbe1 f5 30. gxf6+ Kf7 31. Ng5+ Kxf6 32. Rgf1+ Ke7 33. Rf7+ Ke8 34. Qxc6 Rxc6 35. Rh7 Rf8 36. Rd1 Ne5 37. Rb1 Rc8 38. Ne4 Nf7 39. Rxh5 Rc4 0-1

[Event "Early-Titled-Tuesday-Blitz-February-27-2024"]
[Site "Chess.com"]
[Date "2024.02.27"]
[Round "5"]
[White "Arlo2024"]
[Black "SharapovEvgeny"]
[Result "1-0"]
[WhiteElo "2308"]
[BlackElo "2504"]
[TimeControl "180+1"]
[EndTime "8:54:20 PST"]
[Termination "Arlo2024 won by resignation"]

1. e4 c5 2. Nc3 Nc6 3. g3 g6 4. Bg2 Bg7 5. d3 e5 6. f4 d6 7. Nf3 Nge7 8. O-O O-O 9. Be3 Nd4 10. Qd2 Nxf3+ 11. Rxf3 Rb8 12. a4 a6 13. Raf1 f5 14.
fxe5 Bxe5 15. Bg5 Bf6 16. exf5 Bxg5 17. Qxg5 Nxf5 18. Qxd8 Rxd8 19. g4 Nh4 20. Rf7 Nxg2 21. Kxg2 Be6 22. Re7 Re8 23. Rc7 Rec8 24. Re7 Re8 25.
Rc7 b5 26. axb5 axb5 27. Ne4 Bd5 28. Kg3 Bxe4 29. dxe4 Rf8 30. Rd1 Rb6 31. e5 Rd8 32. Rxd6 Rbxd6 33. exd6 Rxd6 34. Rxc5 Rd2 35. h4 h6 36. h5 gxh5 37. gxh5 Kg7 38. Kf3 b4 39.
Ke3 Rh2 40. Kd3 b3 41. cxb3 Rxb2 42. Kc3 Rb1 43. b4 Kf6 44. b5 Ke6 45. Kc4 Rc1+ 46. Kb4 Rb1+ 47. Ka5 Ra1+ 48. Kb6 Kf6 49. Kb7 Ra5 50.
Kc6 Ra8 51. b6 Rc8+ 52. Kb5 Rb8 53. Rc6+ Kg5 54. Rc5+ Kg4 55. Ka6 Ra8+ 56. Kb7 Rf8 57. Ka7 Rf7+ 58. b7 1-0

[Event "Early-Titled-Tuesday-Blitz-February-27-2024"]
[Site "Chess.com"]
[Date "2024.02.27"]
[Round "5"]
[White "Anton_Demchenko"]
[Black "Yurovskykh_Oleksandr"]
[Result "1-0"]
[WhiteElo "2910"]
[BlackElo "2681"]
[TimeControl "180+1"]
[EndTime "8:54:21 PST"]
[Termination "Anton_Demchenko won by checkmate"]

1. e4 e6 2. d3 c5 3. Nd2 Nc6 4. g3 Nf6 5. Bg2 Be7 6. Ngf3 d5 7. O-O O-O 8. Re1 Qc7 9. Nf1 dxe4 10. dxe4 Rd8 11.
Bd2 b5 12. Qe2 Rb8 13. c3 c4 14. Bf4 e5 15. Bg5 h6 16. Bxf6 Bxf6 17. Ne3 Ne7 18. a4 a6 19. axb5 axb5 20. h4 h5 21. Ng5 g6 22. Qf3 Kg7 23. Nh7 Ng8 24. Nd5 Qc6 25. Nhxf6 Nxf6 26. Ra7 Bg4 27. Qe3 Nh7 28.
Rea1 Rdc8 29. R1a6 Qc5 30. Qd2 Nf8 31. Qg5 Be6 32. Qxe5+ Kg8 33. Ne7+ Kh7 34. Qf6 b4 35. Nxc8 Rxc8 36. Re7 bxc3 37. bxc3 Kg8 38. Raxe6 Nxe6 39.
Qxf7+ Kh8 40. Qh7# 1-0

[Event "Early-Titled-Tuesday-Blitz-February-27-2024"]
[Site "Chess.com"]
[Date "2024.02.27"]
[Round "5"]
[White "IngOscarArdila"]
[Black "noblerone"]
[Result "1-0"]
[WhiteElo "2296"]
[BlackElo "2494"]
[TimeControl "180+1"]
[EndTime "8:54:21 PST"]
[Termination "IngOscarArdila won by resignation"]

1. d4 d5 2. c4 c6 3. e3 Nf6 4. Nc3 a6 5. Nf3 b5 6. cxd5 cxd5 7. Bd3 Bg4 8. h3 Bh5 9. O-O e6 10. a4 b4 11. Nb1 Ne4 12. Nbd2 f5 13. Be2 Bd6 14. Ne5 Bxe2 15. Qxe2 O-O 16. Ndf3 Nd7 17. Nxd7 Qxd7 18. Bd2 Rfc8 19. Rfc1 Rxc1+ 20. Rxc1 Qxa4 21. Qd3 Qd7 22. Qc2 a5 23. Ne5 Bxe5 24. dxe5 h6 25. Be1 Qb7 26. f3 Ng5 27. Qc6 Qe7 28. Qxa8+ Kh7 29. Qxa5 b3 30. Bb4 Qe8 31. Rc7 Qg6 32. Kh2 h5 33. Be1 Nf7 34. Qc3 Nh6 35. Qd4 Qe8 36. Bh4 Qb8 37. Qc3 Qe8 38. Bf6 Nf7 39. Bh4 Kh6 40. Qxb3 g5 41. Bg3 h4 42.
Bf2 Kg6 43. f4 g4 44. Bxh4 gxh3 45. gxh3 Qh8 46. Qc2 Qxh4 47. Qg2+ Kh6 48. Rxf7 1-0

[Event "Early-Titled-Tuesday-Blitz-February-27-2024"]
[Site "Chess.com"]
[Date "2024.02.27"]
[Round "5"]
[White "newauto"]
[Black "KhazhatulyAlikhan"]
[Result "0-1"]
[WhiteElo "2218"]
[BlackElo "2423"]
[TimeControl "180+1"]
[EndTime "8:54:21 PST"]
[Termination "KhazhatulyAlikhan won by checkmate"]

1. d4 d5 2. Nf3 Bf5 3. Bg5 Nf6 4. e3 e6 5. c4 Bxb1 6. Rxb1 Bb4+ 7. Nd2 Bxd2+ 8. Qxd2 Ne4 9. Bxd8 Nxd2 10. Kxd2 Kxd8 11. cxd5 exd5 12. Be2 Nd7 13. Rhc1 a5 14. Bf3 c6 15. a3 Kc7 16. b4 axb4 17. axb4 Ra2+ 18. Rc2 Rha8 19. Rc1 Nb6 20. b5 Nc4+ 21. Ke1 Kd6 22. bxc6 bxc6 23. e4 Rxc2 24. Rxc2 Re8 25. e5+ Kd7 26.
Bg4+ Kc7 27. Ra2 Kb7 28. Bd7 Re7 29. Bf5 c5 30. dxc5 Rxe5+ 31. Kd1 Rxf5 32. c6+ Kxc6 33.
Ra7 h5 34. f3 g6 35. Ke2 Re5+ 36. Kf2 Nd6 37. Ra6+ Kd7 38. h4 Re6 39. Ra7+ Ke8 40. g4 hxg4 41. fxg4 Ne4+ 42. Kf3 Kf8 43. Kf4 Kg7 44. Rd7 Nf6 45. Rd8 Re4+ 46. Kf3 Rxg4 47. Rd6 Rxh4 48. Rd8 Re4 49. Rb8 g5 50. Kg3 Nh5+ 51.
Kh3 g4+ 52. Kh4 Nf6 53. Rb7 d4 54. Rb6 d3 55. Rd6 Re3 56. Kg5 Ne4+ 57. Kf4 Nxd6 58.
Kxe3 Kf6 59. Kxd3 Kg5 60. Ke3 Kh4 61. Kf2 Kh3 62. Kg1 Kg3 63. Kh1 Kf2 64. Kh2 g3+ 65.
Kh1 g2+ 66. Kh2 g1=Q+ 67. Kh3 Qg3# 0-1

[Event "Early-Titled-Tuesday-Blitz-February-27-2024"]
[Site "Chess.com"]
[Date "2024.02.27"]
[Round "5"]
[White "ImportedItalianMaple"]
[Black "Chessdude1987"]
[Result "1-0"]
[WhiteElo "2553"]
[BlackElo "2351"]
[TimeControl "180+1"]
[EndTime "8:54:22 PST"]
[Termination "ImportedItalianMaple won on time"]

1. Nf3 e6 2. g3 f5 3. Bg2 Nf6 4. O-O Be7 5. d3 O-O 6. Nbd2 d5 7.
Re1 c5 8. e4 fxe4 9. dxe4 Nc6 10. exd5 exd5 11. Ne5 Nxe5 12. Rxe5 Bd6 13. Re1 Kh8 14.
c4 d4 15. b4 cxb4 16. a3 bxa3 17. Bxa3 a6 18. c5 Bc7 19. c6 Bg4 20. f3 Bc8 21. Bxf8 Qxf8 22. Nb3 Bb6 23. Kh1 Qd6 24.
Ra4 d3 25. Bf1 Qxc6 26. Ra1 Bg4 27. Bg2 Bf5 28. Rc1 Qd7 29. Nd2 Rd8 30. Re5 Bg6 31. Qe1 Bd4 32. Re7 Qd6 33. Rcc7 Nd5 34. Nc4 Qxc7 35.
Rxc7 Nxc7 36. f4 Bc5 37. Qd1 d2 38. Nxd2 Bb4 39. Qc1 Bxd2 40. Qxc7 1-0

[Event "Early-Titled-Tuesday-Blitz-February-27-2024"]
[Site "Chess.com"]
[Date "2024.02.27"]
[Round "5"]
[White "GatoRojo150"]
[Black "Larina_Maria"]
[Result "1-0"]
[WhiteElo "2568"]
[BlackElo "2309"]
[TimeControl "180+1"]
[EndTime "8:54:22 PST"]
[Termination "GatoRojo150 won by checkmate"]

1. e4 c6 2. Nc3 d5 3. Nf3 Bg4 4. Be2 e6 5. d4 Nd7 6. O-O dxe4 7. Nxe4 Ngf6 8. Nxf6+ Nxf6 9. Be3 Be7 10. h3 Bh5 11. c4 O-O 12. b4 Ne4 13. Qc2 Bg6 14. Qb3 Qc7 15. Ne5 Bf6 16. Nxg6 hxg6 17. Bf3 Ng5 18. Be2 Rfd8 19. Rfd1 b6 20. h4 Ne4 21. Bf3 Nd6 22.
h5 gxh5 23. Bxh5 Nf5 24. Bf3 Bxd4 25. Bg5 Rd7 26. Rac1 Qg3 27. Rxd4 Qxg5 28. Rdd1 Nd4 29. Qc3 Rad8 30. Re1 Nxf3+ 31. Qxf3 c5 32. a3 cxb4 33. axb4 Rd2 34. Re3 R2d4 35. Rec3 Qd2 36. g3 Qg5 37. c5 bxc5 38. bxc5 Rc8 39. c6 Rdd8 40. c7 Re8 41. Qc6 a5 42. Rc5 Qe7 43. Rxa5 Rf8 44. Rac5 g6 45.
Rd1 Qe8 46. Rd7 Kg7 47. Qd6 Kf6 48. Qe5# 1-0

[Event "Early-Titled-Tuesday-Blitz-February-27-2024"]
[Site "Chess.com"]
[Date "2024.02.27"]
[Round "5"]
[White "HelvertHernandez"]
[Black "inagreV"]
[Result "0-1"]
[WhiteElo "2005"]
[BlackElo "2401"]
[TimeControl "180+1"]
[EndTime "8:54:22 PST"]
[Termination "inagreV won by checkmate"]

1. e4 c5 2. Nf3 Nc6 3. d4 cxd4 4. Nxd4 Nf6 5. Nc3 d6 6. Be3 Ng4 7. Bg5 h6 8. Bh4 g5 9. Bg3 Bg7 10. Nce2 Qb6 11. Nxc6 bxc6 12. Rb1 Be6 13. b3 Qa5+ 14. Qd2 Qxa2 15. Rd1 c5 16. h3 Nf6 17. f3 O-O 18. Nc1 Qa3 19. Bd3 c4 20. bxc4 Nh5 21. Qf2 Qc3+ 22.
Kf1 Bd4 23. Qe1 Nxg3+ 24. Qxg3 Bxc4 25. h4 Be5 26. Qg4 Bxd3+ 27. cxd3 Qc2 28. Re1 Qd2 29. hxg5 Qxg5 30. Qxg5+ hxg5 31. Rh5 f6 32. Ke2 Rfb8 33. Reh1 Rb2+ 34. Kd1 Kf7 35. Rh7+ Ke6 36. Rg7 Rxg2 37. Rhh7 Re8 38. Nb3 f5 39. Na5 Bxg7 40. Rxg7 fxe4 41. dxe4 Rc8 42. Nb7 Rcc2 43. Nd8+ Ke5 44. Nf7+ Kd4 45. e5 Kd3 46. exd6 Rg1# 0-1

[Event "Early-Titled-Tuesday-Blitz-February-27-2024"]
[Site "Chess.com"]
[Date "2024.02.27"]
[Round "5"]
[White "Matols"]
[Black "MessiKingdom"]
[Result "0-1"]
[WhiteElo "2409"]
[BlackElo "2642"]
[TimeControl "180+1"]
[EndTime "8:54:23 PST"]
[Termination "MessiKingdom won on time"]

1. d4 Nf6 2. c4 g6 3. g3 Bg7 4. Bg2 O-O 5. Nc3 d6 6. Nf3 c5 7.
d5 e6 8. O-O Re8 9. h3 Na6 10.
a4 Nc7 11. Re1 a6 12. dxe6 Bxe6 13. Bf4 Bxc4 14. Bxd6 Nfd5 15. Bxc5 Nxc3 16. bxc3 Bxc3 17. Bd4 Bxe1 18. Qxe1 Bxe2 19. Qc3 Ne6 20. Bf6 Qd3 21.
Qxd3 Bxd3 22. Ne5 Bc2 23. Bxb7 Ra7 24. Bd5 Nc7 25. Bc4 Be4 26. Rd1 Ne6 27. Kh2 a5 28.
Bb5 Rb8 29. Ng4 h5 30. Ne5 Rc7 31. h4 Rbc8 32. Kg1 Rc1 33. Be2 Rxd1+ 34. Bxd1 Rc1 0-1

[Event "Early-Titled-Tuesday-Blitz-February-27-2024"]
[Site "Chess.com"]
[Date "2024.02.27"]
[Round "5"]
[White "ajian"]
[Black "JaloliddinIlkhomi"]
[Result "0-1"]
[WhiteElo "2490"]
[BlackElo "2770"]
[TimeControl "180+1"]
[EndTime "8:54:23 PST"]
[Termination "JaloliddinIlkhomi won on time"]

1. d4 Nf6 2. c4 e6 3. Nc3 Bb4 4. Qc2 O-O 5. a3 Bxc3+ 6. Qxc3 b6 7. Bg5 Bb7 8. f3 h6 9. Bh4 d5 10. e3 Nbd7 11. cxd5 Nxd5 12. Bxd8 Nxc3 13. Bh4 Nd5 14. Bf2 c5 15. Ne2 Rfd8 16. e4 N5f6 17. Nc3 cxd4 18.
Bxd4 Nc5 19. Bxc5 bxc5 20. Bc4 Rd4 21. b3 Bc6 22. Ke2 Rad8 23. Rhd1 Nd7 24. Bb5 Ne5 25. Bxc6 Nxc6 26. Nb5 Rxd1 27. Rxd1 Rb8 28. a4 a6 29. Nc7 Nd4+ 30. Kf2 Rxb3 31. Nxa6 Rb2+ 32. Kg3 Ne2+ 33. Kg4 c4 34. Nc5 c3 35. Nd3 Ra2 36. Re1 Nd4 37. Rc1 c2 38. Nb4 Rxa4 39. Nxc2 Rc4 40. Nxd4 Rxc1 41.
Ne2 Rc2 42. Nf4 e5 0-1

[Event "Early-Titled-Tuesday-Blitz-February-27-2024"]
[Site "Chess.com"]
[Date "2024.02.27"]
[Round "5"]
[White "HajiyevKanan"]
[Black "BogdanDeac"]
[Result "0-1"]
[WhiteElo "2527"]
[BlackElo "2979"]
[TimeControl "180+1"]
[EndTime "8:54:23 PST"]
[Termination "BogdanDeac won by resignation"]

1. d4 Nf6 2. Nf3 g6 3. g3 b5 4.
Bg2 Bb7 5. O-O Bg7 6. a4 b4 7.
c4 bxc3 8. bxc3 O-O 9. c4 c5 10. Qb3 Qb6 11. Nbd2 cxd4 12. Qxb6 axb6 13. Nxd4 Bxg2 14.
Kxg2 Rc8 15. Bb2 d6 16. Rfb1 Nfd7 17. Nb5 Ne5 18. Bxe5 Bxe5 19. Ra3 Nd7 20. f4 Bg7 21. Kf3 Ra6 22. e4 Bf8 23. Nc3 Nc5 24. Nd5 Nd7 25.
Ke3 e6 26. Nc3 d5 27. Rab3 dxc4 28. Rb5 Bc5+ 29. Ke2 Bd4 30. Rc1 Bxc3 31. Rxc3 Rxa4 32. Rb2 Rc5 33. Ke3 f6 34. Rbc2 b5 35. Nb3 cxb3 36. Rxc5 bxc2 37. Rc7 Rc4 38. Rxc4 bxc4 39. Kd2 Nc5 40.
e5 fxe5 41. fxe5 Nd7 42. Kxc2 Nxe5 43. Kc3 g5 0-1

[Event "Early-Titled-Tuesday-Blitz-February-27-2024"]
[Site "Chess.com"]
[Date "2024.02.27"]
[Round "5"]
[White "JoliyRoger"]
[Black "Chemim21"]
[Result "1-0"]
[WhiteElo "2423"]
[BlackElo "2208"]
[TimeControl "180+1"]
[EndTime "8:54:23 PST"]
[Termination "JoliyRoger won on time"]

1. d4 d5 2. c4 dxc4 3. Nf3 e6 4. Qa4+ Bd7 5. Qxc4 Nf6 6. Nc3 a6 7. e4 b5 8. Qd3 b4 9. Ne2 Bb5 10. Qc2 Nbd7 11.
Be3 Rc8 12. Rd1 Be7 13. Nc1 Bxf1 14. Kxf1 O-O 15. Nb3 Nb6 16. Ke2 Qd7 17. Nc5 Qb5+ 18. Qd3 Nc4 19. b3 Na3 20. Rc1 Rfd8 21. Bg5 Bxc5 22. Qxb5 Nxb5 23. Bxf6 gxf6 24. dxc5 Nc3+ 25. Ke3 c6 26. Rc2 Nd1+ 27. Ke2 Nc3+ 28. Ke3 Nd1+ 29. Kf4 Nc3 30. Re1 e5+ 31. Kg3 Kg7 32. Nh4 h5 33. Nf5+ Kg6 34. f3 Rd3 35. Ne3 1-0

[Event "Early-Titled-Tuesday-Blitz-February-27-2024"]
[Site "Chess.com"]
[Date "2024.02.27"]
[Round "5"]
[White "nindjaxx8"]
[Black "urano56"]
[Result "1-0"]
[WhiteElo "2657"]
[BlackElo "2335"]
[TimeControl "180+1"]
[EndTime "8:54:24 PST"]
[Termination "nindjaxx8 won by resignation"]

1. d4 d5 2. c4 e6 3. Nc3 c6 4.
cxd5 exd5 5. Bf4 Nf6 6. e3 Bd6 7. Bg3 O-O 8. Nf3 Re8 9. Bd3 Ne4 10. O-O Nxg3 11. hxg3 Bg4 12. Qc2 h6 13. Ne2 Nd7 14. Nf4 Nf6 15. Rfe1 Qa5 16. Bf5 Bxf5 17. Qxf5 Re7 18.
a3 Rae8 19. b4 Qc7 20. Rac1 Ne4 21. Nxd5 Qd7 22. Nxe7+ Qxe7 23. Qa5 a6 24. Qa4 Qe6 25.
Qc2 g5 26. Nd2 f5 27. Nxe4 fxe4 28. Qe2 Kg7 29. Red1 Rf8 30. Rc2 Qb3 31. Qc4 Qxa3 32. d5 Qxb4 33. dxc6 bxc6 34. Qxb4 Bxb4 35. Rxc6 a5 36.
Rd7+ Rf7 37. Rxf7+ Kxf7 38. Rxh6 Ke7 39. Ra6 Kd7 40.
Kf1 Kc7 41. Ke2 Kb7 42. Rg6 a4 43. Rxg5 a3 44. Rb5+ Kc6 45. Rxb4 a2 46. Ra4 1-0

[Event "Early-Titled-Tuesday-Blitz-February-27-2024"]
[Site "Chess.com"]
[Date "2024.02.27"]
[Round "5"]
[White "Sajith_Peiris"]
[Black "aistrel"]
[Result "0-1"]
[WhiteElo "2289"]
[BlackElo "2546"]
[TimeControl "180+1"]
[EndTime "8:54:24 PST"]
[Termination "aistrel won by resignation"]

1. e4 c6 2. d4 d5 3. Nc3 dxe4 4.
Nxe4 Nf6 5. Nxf6+ exf6 6. c3 Bd6 7. Bd3 O-O 8. Ne2 Re8 9. O-O Nd7 10. Be3 Nf8 11. Qc2 Qc7 12. Ng3 g6 13. c4 f5 14.
c5 Be7 15. Qd2 Ne6 16. Ne2 Bf6 17. Bc4 Rd8 18. b4 f4 19. Nxf4 Nxd4 20. Qc1 Bf5 21.
Rd1 Nc2 22. Rb1 Rxd1+ 23. Qxd1 Nxe3 24. fxe3 Bxb1 25. Qxb1 Re8 26. Kf2 Qe7 27. Qb3 Kg7 28.
g3 Be5 29. Nd3 f6 30. Nxe5 Qxe5 31. a4 Re7 32. a5 h5 33. a6 h4 34. axb7 Rxb7 35.
Qa3 Re7 36. gxh4 Qxh2+ 37. Ke1 Qxh4+ 38. Kd2 Qxc4 0-1

[Event "Early-Titled-Tuesday-Blitz-February-27-2024"]
[Site "Chess.com"]
[Date "2024.02.27"]
[Round "5"]
[White "viktorskliarov"]
[Black "Fonsofan"]
[Result "0-1"]
[WhiteElo "2581"]
[BlackElo "2740"]
[TimeControl "180+1"]
[EndTime "8:54:26 PST"]
[Termination "Fonsofan won by resignation"]

1. e4 g6 2. d4 c6 3. Nc3 d5 4. e5 h5 5. h3 Nh6 6. Be2 b6 7. Nf3 e6 8. O-O Ba6 9. a4 Nf5 10. Bf4 Be7 11. Qd2 Bxe2 12. Nxe2 c5 13. g4 hxg4 14. hxg4 Nh4 15. Nxh4 Rxh4 16. f3 Nc6 17. Kg2 Qc7 18. c3 O-O-O 19. Bg3 Rh7 20. Rh1 Rdh8 21. Qf4 c4 22. Rxh7 Rxh7 23. Rh1 Rxh1 24. Kxh1 Bd8 25.
Qh6 Kb7 26. Qf8 Qe7 27. Qxe7+ Bxe7 28. f4 Ka6 29. f5 gxf5 30. gxf5 exf5 31. Nf4 Ka5 32.
Nxd5 Bg5 33. Nc7 f4 34. Bf2 Kxa4 35. Kg2 Kb3 36. Kf3 Kxb2 37. Ke4 a5 38. d5 Nb8 39. Bxb6 a4 40. Nb5 a3 41. Nxa3 Kxa3 42. Bc7 Nd7 43. e6 fxe6 44. dxe6 Nc5+ 45. Kd5 Na6 46. Kxc4 Nxc7 47.
Kd4 f3 0-1

[Event "Early-Titled-Tuesday-Blitz-February-27-2024"]
[Site "Chess.com"]
[Date "2024.02.27"]
[Round "5"]
[White "maximnovik"]
[Black "ural58"]
[Result "0-1"]
[WhiteElo "2593"]
[BlackElo "2471"]
[TimeControl "180+1"]
[EndTime "8:54:26 PST"]
[Termination "ural58 won on time"]

1. e4 d5 2. exd5 Qxd5 3. Nc3 Qa5 4.
d4 Nf6 5. Nf3 Nc6 6. Bb5 Ne4 7.
O-O Nxc3 8. Bxc6+ bxc6 9. bxc3 Bf5 10. Bf4 e6 11. Qd2 Bd6 12. Ne5 Qa4 13. Nd3 Bxf4 14. Qxf4 Qxc2 15. Ne5 O-O 16. Rac1 Qxa2 17. Nxc6 Bd3 18.
Rfd1 Bb5 19. Qxc7 Qc4 20. Ne7+ Kh8 21. Qxc4 Bxc4 22. Nc6 a5 23. Ne5 Bb3 24. Re1 f6 25. Nd3 a4 26. Nc5 Bc4 27. Nxe6 Rfc8 28. Nc5 a3 29. g4 a2 30. Kg2 Ra3 31. f3 Rca8 32. Ra1 Rxc3 33. Ne4 Rc2+ 34. Kg3 h6 35. h4 Rb8 36. Nd6 Bd5 37. Nf5 Rb3 38. Ne3 Rcc3 39.
Nxd5 Rxf3+ 40. Kg2 Rg3+ 41. Kf2 Rxg4 42. Ne3 Rb2+ 43. Re2 Rf4+ 44. Kg3 Rxe2 45. Kxf4 g6 46. Ke4 Kg7 47. Kd3 Rh2 48. d5 Kf7 49. Nc4 Ke7 0-1

[Event "Early-Titled-Tuesday-Blitz-February-27-2024"]
[Site "Chess.com"]
[Date "2024.02.27"]
[Round "5"]
[White "Njal28"]
[Black "GMAkobianSTL"]
[Result "0-1"]
[WhiteElo "2998"]
[BlackElo "2831"]
[TimeControl "180+1"]
[EndTime "8:54:27 PST"]
[Termination "GMAkobianSTL won on time"]

1. d4 e6 2. Nf3 f5 3. c4 Nf6 4. Nc3 d5 5. Bf4 c6 6. e3 Bd6 7.
Bd3 O-O 8. O-O Ne4 9. Qc2 Bxf4 10. exf4 Qd6 11. Ne5 Nd7 12. f3 dxc4 13. Bxe4 Qxd4+ 14. Kh1 Nxe5 15. Rad1 Nd3 16. Bxd3 cxd3 17. Rxd3 Qxf4 18. Ne2 Qc7 19. Qc4 Kh8 20. Qc5 Kg8 21. Qc4 Kh8 22. Qc5 Re8 23. f4 b6 24.
Qa3 Bb7 25. Rfd1 c5 26. Rd7 Qc6 27. Qg3 Rg8 28. Nc3 Rae8 29. R1d6 Qc8 30. Nb5 a6 31.
Rc7 axb5 32. Rxc8 Rxc8 33. h4 Bd5 34. a3 b4 35. h5 bxa3 36. Qxa3 h6 37. Rxb6 c4 38.
Kg1 Rc7 39. Qe3 Rgc8 40. Qe5 Kh7 41. g4 c3 42. bxc3 Rxc3 43. Rb2 Rg3+ 44. Kf1 Rxg4 45. Re2 Bc4 46. Kf2 Bxe2 47. Kxe2 Rc4 48. Qxe6 Re4+ 0-1

[Event "Early-Titled-Tuesday-Blitz-February-27-2024"]
[Site "Chess.com"]
[Date "2024.02.27"]
[Round "5"]
[White "mary-sanna"]
[Black "anasta10"]
[Result "0-1"]
[WhiteElo "2186"]
[BlackElo "2538"]
[TimeControl "180+1"]
[EndTime "8:54:27 PST"]
[Termination "anasta10 won on time"]

1. d4 Nf6 2. c4 c5 3. d5 g6 4. Nc3 Bg7 5. e4 d6 6. h3 e6 7. Nf3 O-O 8. Be2 Re8 9. O-O exd5 10.
exd5 Bf5 11. Bf4 Ne4 12. Nxe4 Bxe4 13. Qb3 Qc7 14. Rfe1 Nd7 15. Nd2 Qb6 16. Qxb6 axb6 17. Nxe4 Rxe4 18. Bxd6 Bxb2 19. Bd3 Rxe1+ 20. Rxe1 Bf6 21.
Re2 Kg7 22. Bb1 Ra4 23. Bd3 Ra3 24. Bb1 Rc3 25. Rc2 Rd3 26. Rc1 Ra3 27. Bc7 Bd4 28. Kf1 Kf6 29. Re1 Rc3 30. Bd8+ Kg7 31. Re7 Ne5 32. Be4 Nxc4 33. Rxb7 Nd2+ 34. Ke2 Nxe4 35. Bxb6 Nd6 36. a4 Rb3 37. Rb8 Nc4 38. a5 Be5 39.
Rb7 Nxa5 0-1

[Event "Early-Titled-Tuesday-Blitz-February-27-2024"]
[Site "Chess.com"]
[Date "2024.02.27"]
[Round "5"]
[White "Rogarcia1"]
[Black "PedroGil25"]
[Result "1-0"]
[WhiteElo "2456"]
[BlackElo "2511"]
[TimeControl "180+1"]
[EndTime "8:54:27 PST"]
[Termination "Rogarcia1 won by resignation"]

1. e4 c5 2. Nf3 e6 3. d4 cxd4 4. Nxd4 a6 5. c4 Nf6 6. Nc3 Qc7 7. a3 Be7 8. Be3 d6 9. Bd3 Nbd7 10. f4 O-O 11.
O-O b6 12. Rc1 Bb7 13. Qf3 Rac8 14. b4 Qb8 15. Qh3 Rfe8 16. g4 g6 17. g5 Nh5 18.
Be2 Ng7 19. f5 exf5 20. exf5 Bf8 21. fxg6 hxg6 22. Qxd7 Rxe3 23. Qxf7+ Kh8 24. Rf4 Rh3 25. Bg4 Rh4 26. Bxc8 Rxf4 27. Qxf4 Qxc8 28. Ne4 Be7 29.
Nf6 Qh3 30. Rc2 Nh5 31. Nxh5 Qxh5 32. Re2 Qh3 33. Qg3 Qxg3+ 34. hxg3 Bxg5 35. Kf2 Bc1 36. Nc2 Bc6 37. Re6 Ba4 38. Re2 Kg7 39. Kf3 Kf6 40.
Ke4 Bc6+ 41. Kd3 b5 42. c5 dxc5 43. bxc5 b4 44. Nd4 Bg2 45. Rxg2 1-0